 Dungeon Crawl Stone Soup version 0.29-a0-919-gd064cfad1c (webtiles) character file.

Game seed: 6801629970692996853

2102 mcwallace the Trooper (level 9, -11/47 HPs)
             Began as a Vine Stalker Fighter on July 27, 2022.
             Was a Believer of Uskayaw.
             Mangled by an orc warrior
             ... wielding a +0 dire flail
              (14 damage)
             ... on level 6 of the Dungeon.
             The game lasted 00:15:16 (6244 turns).

mcwallace the Trooper (Vine Stalker Fighter)        Turns: 6244, Time: 00:15:16

Health: -11/47     AC:  8    Str: 18    XL:     9   Next: 28%
Magic:  0/16       EV: 11    Int: 10    God:    Uskayaw [**....]
Gold:   447        SH:  6    Dex: 21    Spells: 17/17 levels left

rFire   . . .      SeeInvis .   N - +3 rapier (flame) {short}
rCold   . . .      Faith    .   c - +0 buckler
rNeg    . . .      Spirit   +   s - +4 scale mail of Nihilism {Dex+4}
rPois   .          Reflect  .   l - +1 hat
rElec   .          Harm     .   (no cloak)
rCorr   .          Rampage  .   (no gloves)
Will    +....                   (no boots)
Stlth   ..........              (no amulet)
HPRegen 0.95/turn               (no ring)
MPRegen 0.15/turn               (no ring)

@: corroded
A: fangs 3, regeneration 1, magic shield, antimagic bite, no potion heal 2
a: Renounce Religion, Stomp, Line Pass


You were on level 6 of the Dungeon.
You worshipped Uskayaw.
Uskayaw was noncommittal.
You visited 1 branch of the dungeon, and saw 6 of its levels.

You collected 447 gold pieces.


Innate Abilities, Weirdness & Mutations

You have razor-sharp teeth.
Your natural rate of healing is unusually fast.
When hurt, damage is shared between your health and your magic reserves.
Your bite disrupts and absorbs the magic of your enemies.
Potions cannot restore your health.


   Skills:
 + Level 5.4 Fighting
 + Level 4.6 Short Blades
 + Level 4.7 Armour
 + Level 3.8 Dodging
 - Level 5.0 Shields
 + Level 4.5 Spellcasting
 * Level 1.0 Invocations


You had 17 spell levels left.
You didn't know any spells.
Your spell library contained the following spells:

 Spells                   Type           Power      Damage    Failure   Level
 Ensorcelled Hibernation  Hex/Ice        4%         N/A       80%         2
 Static Discharge         Conj/Air       2%         3-4/arc   80%         2
 Gell's Gravitas          Tloc           2%         N/A       95%         3
 Lesser Beckoning         Tloc           2%         N/A       95%         3
 Ozocubu's Armour         Ice            2%         N/A       95%         3
 Spider Form              Tmut/Pois      2%         N/A       95%         3
 Teleport Other           Tloc           2%         N/A       95%         3
 Airstrike                Air            1%         0-2+      100%        4
 Anguish                  Hex/Necr       1%         N/A       100%        4
 Animate Dead             Necr           2%         N/A       100%        4
 Dispel Undead            Necr           2%         3d7       100%        4
 Sticky Flame             Conj/Fire      2%         2d3       100%        4
 Summon Lightning Spire   Summ/Air       2%         N/A       100%        4
 Borgnjor's Vile Clutch   Necr/Erth      1%         N/A       100%        5
 Lightning Bolt           Conj/Air       1%         1d12      100%        5
 Death Channel            Necr           1%         N/A       100%        6
 Ozocubu's Refrigeration  Ice            1%         4d5       100%        7

Inventory:

Hand Weapons
 h - a +3 mace of holy wrath {mace}
   (You took it off an orc on level 3 of the Dungeon)
 z - a +1 whip of freezing {mace}
   (You took it off a gnoll on level 3 of the Dungeon)
 G - a +0 dagger of venom {short}
   (You took it off an orc on level 4 of the Dungeon)
 I - a +2 vorpal mace {mace}
   (You took it off an orc on level 4 of the Dungeon)
 M - a +1 whip of freezing {mace}
   (You took it off a kobold on level 4 of the Dungeon)
 N - a +3 rapier of flaming (weapon) {short}
   (You found it on level 4 of the Dungeon)
Missiles
 a - 8 boomerangs {throwing}
 k - 26 poisoned darts {throwing}
 m - 122 stones (quivered) {throwing}
 x - a throwing net {=f!fthrowing}
 H - 5 curare-tipped darts {=fthrowing}
Armour
 b - a +0 leather armour
   (You took it off an orc on level 3 of the Dungeon)
 c - a +0 buckler (worn)
 l - a +1 hat (worn)
   (You found it on level 6 of the Dungeon)
 n - a +0 chain mail
   (You found it on level 2 of the Dungeon)
 r - the +2 robe of Tomorrow {rF- rN+++ Will+ Int+3}
   (You took it off a goblin on level 2 of the Dungeon)

   Int:       It affects your intelligence (+3).
   rF:        It makes you vulnerable to fire.
   rN:        It renders you almost immune to negative energy.
   Will:      It increases your willpower.
 s - the +4 scale mail of Nihilism (worn) {Dex+4}
   (You took it off a kobold brigand on level 4 of the Dungeon)

   Dex:       It affects your dexterity (+4).
 w - a +0 leather armour
   (You took it off an orc on level 4 of the Dungeon)
 y - a +0 leather armour
   (You took it off an orc on level 3 of the Dungeon)
 A - a +0 robe
   (You took it off an orc wizard on level 4 of the Dungeon)
 B - a +0 ring mail
   (You took it off an orc on level 3 of the Dungeon)
 C - a +0 scale mail
   (You took it off a kobold on level 4 of the Dungeon)
 E - a +1 ring mail of poison resistance
   (You took it off an orc on level 3 of the Dungeon)
 J - a +0 leather armour
   (You took it off an orc on level 4 of the Dungeon)
 K - a +0 leather armour
   (You took it off an orc on level 4 of the Dungeon)
 L - a +0 leather armour
   (You took it off an orc on level 4 of the Dungeon)
 P - a +0 ring mail of fire resistance
   (You found it on level 4 of the Dungeon)
 Q - a +0 ring mail
   (You took it off an orc on level 5 of the Dungeon)
 R - a +0 ring mail
   (You took it off an orc on level 5 of the Dungeon)
 S - a +0 robe
   (You took it off an orc wizard on level 5 of the Dungeon)
 T - a +1 leather armour of poison resistance
   (You took it off an orc on level 5 of the Dungeon)
 U - a +0 robe
   (You took it off an orc wizard on level 5 of the Dungeon)
 W - a +0 ring mail
   (You took it off an orc on level 5 of the Dungeon)
 X - a +0 robe
   (You took it off an orc wizard on level 5 of the Dungeon)
 Y - a +0 leather armour
   (You took it off an orc on level 5 of the Dungeon)
 Z - a +0 chain mail
   (You took it off an orc on level 5 of the Dungeon)
Wands
 O - a wand of polymorph (9)
   (You found it on level 4 of the Dungeon)
Scrolls
 d - 2 scrolls of butterflies {unknown}
 e - 3 scrolls of immolation {unknown}
 i - a scroll of amnesia {unknown}
 o - a scroll of identify {unknown}
 p - 2 scrolls of summoning {unknown}
 v - 3 scrolls of enchant armour {unknown}
 F - a scroll of magic mapping {unknown}
 V - a scroll of vulnerability {unknown}
Potions
 f - 2 potions of flight {unknown}
 g - 2 potions of attraction {unknown}
 j - 3 potions of cancellation {unknown}
 q - 2 potions of lignification {unknown}
 t - 3 potions of degeneration {unknown}
 u - a potion of brilliance {unknown}
 D - a potion of curing {unknown}

Dungeon Overview and Level Annotations

Branches:
Dungeon (6/15) Zot: 26689  Temple (0/1) D:6

Altars:
Ashenzari
Elyvilon
Fedhas
Gozag
Hepliaklqana
Kikubaaqudgha
Uskayaw
Vehumet
Xom
The Shining One

#..####.###.... #.##
#.†.#)...
########.#######).....
##.....#.....## ##.....
##≈.=........).####.....
$.≈.....................
..≈≈≈...........####....
≈..[.≈≈{o...............
....≈≈.@o.......#.......
#.≈≈≈.............######
≈≈≈............####
###.$...#.....##
#############


You could see an orc warrior and an orc.


Message History

You take 4 damage, and now have 43/47 hp.
You lost 2 mp, and now have 14/16 mp.
You hit something but do no damage. The orc hits you with a +0 whip.
You hear some strange, mumbled words.
You are more confused.
The orc hits you with a +0 dagger. 😕 HP[-2] MP[-1]
You take 2 damage, and now have 41/47 hp.
You lost 1 mp, and now have 13/16 mp.
You hit the orc. You burn the orc.
You kill the orc!
The orc warrior hits you with a +0 dire flail!
Something hits you. The orc barely misses you.
Your Invocations skill increases to level 1! 😕 HP[-5] MP[-3]
You take 5 damage, and now have 36/47 hp.
You lost 3 mp, and now have 10/16 mp.
The orc warrior unwields a +0 dire flail.
The orc warrior wields a +0 arbalest.
The orc warrior shoots a bolt.
The bolt misses you. Something hits you but does no damage.
The orc hits you but does no damage.
Things that are here:
a +0 dagger {short}; a +0 leather armour; an orc corpse 😕 HP[+1] Unknown command.
You're too confused to move!
The orc warrior shoots a bolt.
The bolt hits you! The jelly barely misses you.
Something hits you but does no damage.
The orc hits you with a +0 whip. 😮 HP[-11] MP[-3]
You take 11 damage, and now have 26/47 hp.
MASSIVE DAMAGE!! (PAUSE)
You lost 3 mp, and now have 7/16 mp.
The jelly hits you. The acid corrodes you!
You are splashed with acid!
* * * LOW HITPOINT WARNING * * *
Something hits you but does no damage. 😨 HP[-7] MP[-3]
You take 7 damage, and now have 19/47 hp.
You lost 3 mp, and now have 4/16 mp.
Something hits you but does no damage. The orc attacks as you move away!
The orc hits you but does no damage.
The jelly hits you but does no damage. 😨 HP[+1]
The jelly attacks as you move away! The jelly closely misses you.
The orc attacks as you move away!
The orc hits you but does no damage. 😨 HP[+1] MP[+1]
The orc attacks as you move away! The orc completely misses you. 😨 HP[+1]
The jelly attacks as you move away! The jelly closely misses you. 😨 HP[+1]
The orc attacks as you move away! The orc hits you with a +0 whip.
* * * LOW HITPOINT WARNING * * *
The jelly attacks as you move away! The jelly closely misses you. 😨 HP[-2]
You take 2 damage, and now have 21/47 hp.
You hit the jelly. You burn the jelly.
Your hands burn!
* * * LOW HITPOINT WARNING * * *
You bite the jelly! You drain its power.
You feel invigorated.
You feel less confused. You block the jelly's attack.
The orc misses you. 😨 HP[-1] MP[+11]
You take 1 damage, and now have 20/47 hp.
Your mp is fully restored (16).
You hit the jelly. You burn the jelly.
You kill the jelly!
The orc warrior shoots a bolt.
The bolt hits you!!
* * * LOW HITPOINT WARNING * * *
A puff of flame appears from out of thin air!
The puff of flame hits you.
* * * LOW HITPOINT WARNING * * *
The orc barely misses you.
Training target 5.0 for Shields reached!
Your Shields skill increases to level 5! 😱 HP[-13] MP[-10]
You take 13 damage, and now have 7/47 hp.
MASSIVE DAMAGE!! (PAUSE)
You lost 10 mp, and now have 6/16 mp.
You hit the orc but do no damage. You bite the orc, but do no damage.
The orc hits you but does no damage. 😱 HP[+1]
You hit the orc warrior but do no damage.
Your bite misses the orc warrior.
The orc warrior unwields a +0 arbalest.
The orc warrior wields a +0 dire flail.
The orc warrior hits you with a +0 dire flail.
* * * LOW HITPOINT WARNING * * *
The orc hits you but does no damage. 😱 HP[-1] MP[-1]
You take 1 damage, and now have 7/47 hp.
You lost 1 mp, and now have 5/16 mp.
You hit the orc warrior. You burn the orc warrior.
Your bite misses the orc warrior.
The orc warrior hits you with a +0 dire flail!
* * * LOW HITPOINT WARNING * * *
Something hits you but does no damage. The orc hits you but does no damage.
You can now pass through a line of other dancers. 😱 HP[-5] MP[-4]
You take 5 damage, and now have 2/47 hp.
You lost 4 mp, and now have 1/16 mp.
Okay, then.
You closely miss the orc warrior. Your bite misses the orc warrior.
The orc warrior hits you with a +0 dire flail!
You die...

Skill      XL: |  1  2  3  4  5  6  7  8  9 |
---------------+----------------------------+-----
Short Blades   | 2 3 4 |  4.6
Spellcasting   | 1 2 3 4 |  4.5
Fighting       | 3 4 5 |  5.4
Dodging        | 1 2 3 |  3.8
Shields        | 3 4 5 |  5.0
Armour         | 3 4 |  4.7
Invocations    | 1 |  1.0

Action                   |  1- 3 |  4- 6 |  7- 9 || total
-------------------------+-------+-------+-------++-------
Melee: Rapier            |    84 |   251 |   324 ||   659
       Bite              |    18 |    59 |    88 ||   165
  Use: Potion            |       |     1 |       ||     1
 Stab: Paralysed         |       |       |    11 ||    11
Armor: Scale mail        |    28 |    61 |   126 ||   215
       Ring mail         |       |    39 |    21 ||    60
Dodge: Dodged            |    29 |   140 |   149 ||   318
Block: Buckler           |    22 |    69 |    85 ||   176

Levels and vault maps discovered:
D:1:      amcnicky_arrival_single_pillar, layout_basic, roderic_serpentine_path
D:2:      layout_basic, hellmonk_ecumenical_altar_inner_sanctum, basic_altar
D:3:      layout_rooms, kiku_gazebo_pond_becter,
          mainiacjoe_overflow_concentric_impassable, minmay_rat_hole
D:4:      cheibrodos_thug_alley, layout_basic, nicolae_uskayaw_en_pointe,
          chequers_temple_overflow_minitemple, minmay_liquid_box, uniq_natasha
D:5:      minmay_goblin_kobold_castle, layout_loops_cross, grunt_ministairs_12
D:6:      layout_rooms, nicolae_wu_jian_wuxing_cycle, general_overflow_altar,
          minmay_temple_entry_junction, chequers_serial_rivers_small_b,
          nicolae_fountain_basement

Notes
Turn   | Place    | Note
-------+----------+-------------------------------------------
     0 | D:1      | mcwallace the Vine Stalker Fighter began the quest for the
                  | Orb.
     0 | D:1      | Reached XP level 1. HP: 11/11 MP: 2/2
     0 | D:1      | magus.rc [v1.9.6]
   470 | D:1      | Reached XP level 2. HP: 14/16 MP: 3/3
   844 | D:1      | Reached skill level 2 in Short Blades
   958 | D:1      | Reached XP level 3. HP: 18/19 MP: 4/4
  1615 | D:2      | Found a shimmering altar of Xom.
  1747 | D:2      | Reached skill level 1 in Spellcasting
  1758 | D:2      | Identified the +2 robe of Tomorrow {rF- rN+++ Will+ Int+3}
  1773 | D:2      | Reached skill level 3 in Fighting
  1834 | D:2      | Reached skill level 1 in Dodging
  1897 | D:2      | Reached skill level 3 in Shields
  1897 | D:2      | Gained mutation: Your natural rate of healing is unusually
                  | fast. [Vine Stalker growth]
  1897 | D:2      | Reached XP level 4. HP: 17/24 MP: 4/6
  1927 | D:2      | Found a faded altar of an unknown god.
  2262 | D:3      | You pick up a book of Touch and begin reading...
  2262 | D:3      | You add the spells Static Discharge, Sticky Flame and
                  | Dispel Undead to your library.
  2364 | D:3      | HP: 6/24 [gnoll/+1 whip of freezing (3)]
  2366 | D:3      | Reached XP level 5. HP: 8/28 MP: 1/8
  2381 | D:3      | Reached skill level 3 in Armour
  2475 | D:3      | Reached skill level 2 in Spellcasting
  2591 | D:3      | Found an ancient bone altar of Kikubaaqudgha.
  2893 | D:3      | Found a white marble altar of Elyvilon.
  3005 | D:3      | Reached XP level 6. HP: 25/32 MP: 6/10
  3226 | D:4      | You pick up a book of Displacement and begin reading...
  3226 | D:4      | You add the spells Lesser Beckoning, Gell's Gravitas and
                  | Teleport Other to your library.
  3303 | D:4      | You pick up a book of Storms and begin reading...
  3303 | D:4      | You add the spells Airstrike, Summon Lightning Spire and
                  | Lightning Bolt to your library.
  3345 | D:4      | Reached skill level 3 in Short Blades
  3345 | D:4      | Reached skill level 2 in Dodging
  3345 | D:4      | Reached XP level 7. HP: 16/37 MP: 4/11
  3348 | D:4      | HP: 5/37 [iguana (8)]
  3353 | D:4      | HP: 7/37 [iguana (2)]
  3360 | D:4      | HP: 8/37 [iguana (6)]
  3361 | D:4      | HP: 3/37 [iguana (6)]
  3367 | D:4      | HP: 6/37 [shadow imp (3)]
  3696 | D:4      | Found a hide-covered altar of Uskayaw.
  3696 | D:4      | Noticed a +0 short sword
  3697 | D:4      | Noticed a +0 spear
  3697 | D:4      | Noticed a +0 short sword
  3697 | D:4      | Noticed a +0 falchion
  3697 | D:4      | Noticed a +0 dagger
  3698 | D:4      | Noticed a +0 falchion
  3699 | D:4      | Noticed a +0 dagger
  3699 | D:4      | Noticed a +0 spear
  3700 | D:4      | Became a worshipper of Uskayaw the Reveller
  3734 | D:4      | Reached * piety under Uskayaw
  3741 | D:4      | Identified the +4 scale mail of Nihilism {Dex+4}
  3746 | D:4      | Reached ** piety under Uskayaw
  3762 | D:4      | Reached skill level 4 in Fighting
  3904 | D:4      | Reached skill level 3 in Spellcasting
  3941 | D:4      | Found a blossoming altar of Fedhas.
  3941 | D:4      | Found a broken altar of Ashenzari.
  3941 | D:4      | Noticed Natasha
  3944 | D:4      | Killed Natasha
  3957 | D:4      | Found a glowing golden altar of the Shining One.
  3959 | D:4      | Found a hazy altar of Hepliaklqana.
  3961 | D:4      | Found a radiant altar of Vehumet.
  4029 | D:4      | You pick up a book of Dreams and begin reading...
  4029 | D:4      | You add the spells Ensorcelled Hibernation, Spider Form and
                  | Anguish to your library.
  4181 | D:4      | Noticed Natasha
  4184 | D:4      | Killed Natasha
  4206 | D:4      | Reached skill level 4 in Shields
  4231 | D:4      | Noticed Natasha
  4238 | D:4      | Killed Natasha
  4770 | D:5      | Entered Level 5 of the Dungeon
  4776 | D:5      | Gained mutation: You have razor-sharp teeth. [Vine Stalker
                  | growth]
  4776 | D:5      | Reached XP level 8. HP: 42/42 MP: 11/13
  4777 | D:5      | Reached *** piety under Uskayaw
  4779 | D:5      | Reached **** piety under Uskayaw
  4823 | D:5      | Reached skill level 4 in Armour
  4851 | D:5      | Reached skill level 3 in Dodging
  4994 | D:5      | Reached skill level 4 in Short Blades
  5304 | D:5      | Reached skill level 5 in Fighting
  5304 | D:5      | Reached skill level 4 in Spellcasting
  5510 | D:5      | Reached XP level 9. HP: 41/47 MP: 14/16
  5939 | D:6      | Found an opulent altar of Gozag.
  6067 | D:6      | You add the spells Ozocubu's Armour and Ozocubu's
                  | Refrigeration to your library.
  6073 | D:6      | You pick up a book of Unlife and begin reading...
  6073 | D:6      | You add the spells Animate Dead, Borgnjor's Vile Clutch and
                  | Death Channel to your library.
  6089 | D:6      | Found a staircase to the Ecumenical Temple.
  6231 | D:6      | Reached skill level 1 in Invocations
  6240 | D:6      | HP: 8/47 [orc warrior/bolt (13)]
  6241 | D:6      | Reached skill level 5 in Shields
  6243 | D:6      | HP: 2/47 [orc warrior/+0 dire flail (5)]
  6244 | D:6      | Mangled by an orc warrior

Vanquished Creatures
  An ice beast (D:5)
  5 phantoms
  4 kobold brigands
  3 scorpions
  A bullfrog (D:6)
  A howler monkey (D:5)
  5 jellies
  A hound (D:4)
  3 orc priests
  4 iguanas
  Natasha (thrice) (D:4)
  7 orc wizards
  8 adders
  14 gnolls
  2 shadow imps
  3 white imps
  6 dart slugs
  36 orcs
  7 ball pythons
  7 bats
  9 endoplasms
  3 giant cockroaches
  7 goblins
  11 hobgoblins
  44 kobolds
  10 quokkas
  7 frilled lizards
  22 rats
234 creatures vanquished.

Table legend:
 A = Non-vault XP
 B = Vault XP
 C = Vault XP percentage of total XP
 D = Non-vault monster count
 E = Vault monster count
 F = Vault count percentage of total count
                 A         B        C        D         E       F
            +---------+---------+-------+---------+---------+-------
      Total |    2350 |     654 |  21.8 |     158 |      76 |  32.5
            +---------+---------+-------+---------+---------+-------
        D:1 |      48 |       0 |   0.0 |      25 |       0 |   0.0
        D:2 |      73 |       0 |   0.0 |      22 |       0 |   0.0
        D:3 |     269 |      20 |   6.9 |      34 |      19 |  35.8
        D:4 |     609 |     144 |  19.1 |      34 |       9 |  20.9
        D:5 |     924 |     490 |  34.7 |      27 |      48 |  64.0
        D:6 |     427 |       0 |   0.0 |      16 |       0 |   0.0
            +---------+---------+-------+---------+---------+-------

Illustrated notes

Table legend:
 A = Kills in this place as a percentage of kills in entire the game.
 B = Kills by you in this place as a percentage of kills by you in the entire game.
 C = Kills by friends in this place as a percentage of kills by friends in the entire game.
 D = Other kills in this place as a percentage of other kills in the entire game.
 E = Experience gained in this place as a percentage of experience gained in the entire game.
 F = Experience gained in this place divided by the number of levels of this place that you have seen.
                   A       B       C       D       E      F
               +-------+-------+-------+-------+-------+----------------------
         Total | 100.0 | 100.0 |   N/A |   N/A | 100.0 | 500.7
       Dungeon | 100.0 | 100.0 |   N/A |   N/A | 100.0 | 500.7
               +-------+-------+-------+-------+-------+----------------------

Table legend: (Time is in decaauts)
 A = Elapsed time spent in this place.
 B = Non-inter-level travel time spent in this place.
 C = Inter-level travel time spent in this place.
 D = Time resting spent in this place.
 E = Time spent auto-exploring this place.
 F = Levels seen in this place.
 G = Mean time per level.
                   A        B        C        D        E       F      G
               +--------+--------+--------+--------+--------+-----+--------+
         Total |   6309 |   5657 |    652 |    252 |   3953 |   6 | 1051.5 |
       Dungeon |   6309 |   5657 |    652 |    252 |   3953 |   6 | 1051.5 |
               +--------+--------+--------+--------+--------+-----+--------+

Top non-repeatable levels by time:
     D:4: 1628 daAuts
     D:1: 1621 daAuts
     D:5: 1177 daAuts
     D:3: 919 daAuts
     D:2: 652 daAuts
     D:6: 309 daAuts
